 Dungeon Crawl Stone Soup version 0.17-a0-1842-gacc33f2 (webtiles) character file.

597 nubinia the Magician (level 7, -2/50 HPs)
             Began as a Demonspawn Wizard on Sept 17, 2015.
             Was a Follower of Vehumet.
             Slain by Ijustatesigmund's ghost (4 damage)
             ... on level 4 of the Dungeon.
             The game lasted 00:19:56 (4130 turns).

nubinia the Magician (Demonspawn Wizard)            Turns: 4130, Time: 00:19:56

Health: -2/50      AC:  6    Str:  5 (7)  XL:     7   Next: 17%
Magic:  0/14       EV: 13    Int: 21      God:    Vehumet [*.....]
Gold:   205        SH:  0    Dex: 12      Spells: 6 memorised, 4 levels left

rFire  . . .     SeeInvis .     t - +3 short sword
rCold  . . .     Clarity  .     a - +0 robe
rNeg   . . .     SustAt   .     (no shield)
rPois  .         Gourm    .     b - +0 hat
rElec  .         Spirit   +     (no cloak)
rCorr  .         Warding  .     (no gloves)
rMut   .         Stasis   .     (no boots)
MR     .....                    (no amulet)
Stlth  +.........               (no ring)
                                (no ring)

@: confused, repel missiles, not resistant to hostile enchantments, very
unstealthy
A: horns 1, iridescent scales 1, magic shield, magic regeneration, magic link
a: Renounce Religion


You were on level 4 of the Dungeon.
You worshipped Vehumet.
Vehumet was aware of your devotion.
You were not hungry.

You visited 1 branch of the dungeon, and saw 4 of its levels.

You collected 205 gold pieces.

Inventory:

Hand weapons
 f - a +0 mace
 t - a +3 short sword (weapon)
Armour
 a - a +0 robe (worn)
 b - a +0 hat (worn)
 n - a cursed +0 helmet
Magical devices
 l - a wand of confusion (18)
Scrolls
 e - a scroll of remove curse
 g - a scroll of magic mapping {unknown}
 h - a scroll of noise {unknown}
 i - 4 scrolls of identify
 j - a scroll of immolation
 k - a scroll of blinking {unknown}
 q - a scroll of random uselessness
 s - a scroll of recharging {unknown}
 u - a scroll of fear {unknown}
Potions
 o - a potion of cure mutation
Books
 c - a book of Minor Magic

   Spells                             Type                      Level
   a - Magic Dart                     Conjuration                  1
   b - Blink                          Translocation                2
   c - Call Imp                       Summoning                    2
   d - Repel Missiles                 Charms/Air                   2
   e - Slow                           Hexes                        2
   f - Conjure Flame                  Conjuration/Fire             3
   g - Mephitic Cloud                 Conjuration/Poison/Air       3
Comestibles
 d - 4 bread rations
 m - 3 chunks of flesh
 p - 3 meat rations
 r - a royal jelly


   Skills:
 + Level 2.0 Fighting
 + Level 1.0 Short Blades
 + Level 3.8 Dodging
 + Level 2.7 Stealth
 + Level 5.1 Spellcasting
 + Level 3.2 Conjurations
 + Level 0.1 Charms
 + Level 1.0 Summonings
   Level 0.8 Translocations
 + Level 0.1 Air Magic


You had 4 spell levels left.
You knew the following spells:

 Your Spells              Type           Power        Failure   Level  Hunger
a - Magic Dart            Conj           ###.         2%          1    None
b - Sting                 Conj/Pois      ##..         8%          1    None
c - Mephitic Cloud        Conj/Pois/Air  ##......     24%         3    ##.....
d - Call Imp              Summ           #.......     12%         2    None
e - Conjure Flame         Conj/Fire      ##......     21%         3    ##.....
r - Repel Missiles        Chrm/Air       #.....       17%         2    None


Dungeon Overview and Level Annotations

Branches:
Dungeon (4/15)
 Temple: D:4-7

Altars:
Vehumet

Annotations:
D:2 exclusion: adder
D:4 Ijustatesigmund's ghost, average DECj


Innate Abilities, Weirdness & Mutations

You have a pair of small horns on your head.
You are partially covered in iridescent scales (AC +4).
When hurt, damage is shared between your health and your magic reserves.
You regenerate magic rapidly.
When low on magic, you restore magic in place of health.


Message History

The spray of energy hits you!
You are confused.
You hit Ijustatesigmund's ghost.
Your headbutt misses Ijustatesigmund's ghost.
Ijustatesigmund's ghost is lightly damaged.
Ijustatesigmund's ghost hits you.
You bump into the rock wall.
Ijustatesigmund's ghost points at you and mumbles some strange words.
The spray of energy hits you!
* * * LOW HITPOINT WARNING * * *
You are more confused.
Drink which item? (? for menu, Esc to quit)
Okay, then.
You bump into the rock wall.
Ijustatesigmund's ghost gestures at you while chanting.
The spray of energy hits you!
* * * LOW HITPOINT WARNING * * *
You are more confused.
You bump into the rock wall.
Ijustatesigmund's ghost hits you.
You die...

.....## ##....#### ##
......# ##........#
.# . ......####
#........## ..##..
.......#.# #........#
#....# .........#
##........##.....#
........##
#........#...#
.........#
#.........####
.........##
#####...###
..........#####.@W###
...........#...####
###########.#### ###


You could see Ijustatesigmund's ghost.

Vanquished Creatures
  2 phantoms (D:4)
  An ogre (D:4)
  A scorpion (D:4)
  2 hounds (D:4)
  A wasp zombie (D:3)
  A worker ant (D:4)
  Robin (D:2)
  2 adders (D:3)
  4 oozes
  A worm (D:3)
  4 giant geckos
  4 orcs
  2 ball pythons
  6 bats
  4 giant cockroaches
  28 goblins
  11 hobgoblins
  8 jackals
  6 kobolds
  2 quokkas
  4 giant newts
  6 rats
101 creatures vanquished.

Notes
Turn   | Place    | Note
--------------------------------------------------------------
     0 | D:1      | nubinia the Demonspawn Wizard began the quest for the Orb.
     0 | D:1      | Reached XP level 1. HP: 13/13 MP: 4/4
   140 | D:1      | Gained mutation: You are partially covered in iridescent scales (AC +4). [demonic ancestry]
   140 | D:1      | Reached XP level 2. HP: 19/19 MP: 0/6
   320 | D:1      | Learned a level 2 spell: Repel Missiles
   869 | D:1      | Gained mutation: When hurt, damage is shared between your health and your magic reserves. [demonic ancestry]
   869 | D:1      | Reached XP level 3. HP: 24/24 MP: 5/8
   874 | D:1      | Learned a level 3 spell: Mephitic Cloud
   879 | D:1      | Learned a level 3 spell: Conjure Flame
  1698 | D:2      | Noticed Robin
  1841 | D:2      | Killed Robin
  1841 | D:2      | Gained mutation: You have a pair of small horns on your head. [demonic ancestry]
  1841 | D:2      | Reached XP level 4. HP: 26/30 MP: 6/9
  1923 | D:2      | Reached skill level 4 in Spellcasting
  2043 | D:2      | Learned a level 2 spell: Call Imp
  2522 | D:2      | Found a radiant altar of Vehumet.
  2536 | D:2      | Became a worshipper of Vehumet
  3075 | D:3      | Gained mutation: You regenerate magic rapidly. [demonic ancestry]
  3075 | D:3      | Reached XP level 5. HP: 36/36 MP: 2/11
  3482 | D:4      | Reached skill level 1 in Fighting
  3506 | D:4      | Noticed a phantom
  3529 | D:4      | Killed a phantom
  3529 | D:4      | Gained mutation: When low on magic, you restore magic in place of health. [demonic ancestry]
  3529 | D:4      | Reached XP level 6. HP: 37/43 MP: 3/12
  3607 | D:4      | Noticed a phantom
  3646 | D:4      | Killed a phantom
  3982 | D:4      | Noticed an ogre
  4049 | D:4      | Killed an ogre
  4049 | D:4      | Acquired Vehumet's first power
  4049 | D:4      | Offered knowledge of Sting by Vehumet.
  4049 | D:4      | Reached skill level 1 in Short Blades
  4049 | D:4      | Reached skill level 5 in Spellcasting
  4049 | D:4      | Reached XP level 7. HP: 50/50 MP: 7/14
  4054 | D:4      | Learned a level 1 spell: Sting
  4113 | D:4      | Noticed Ijustatesigmund's ghost (average DECj)
  4129 | D:4      | HP: 2/50 [Ijustatesigmund's ghost/spray of energy (12)]
  4130 | D:4      | Slain by Ijustatesigmund's ghost

Vault maps used:
D:1:      mrwooster_arrival_statue
D:2:      kennysheep_the_goblin_king, fiery_altar_vehumet, st_stairs_6,
          uniq_robin
D:4:      temple_hall, serial_shops, kennysheep_little_box, first_bread

Action                   |  1- 3 |  4- 6 |  7- 9 || total
-------------------------+-------+-------+-------++-------
Melee: Unarmed           |     8 |       |       ||     8
       Mace              |    34 |    62 |       ||    96
       Short sword       |       |    64 |    11 ||    75
 Cast: Magic Dart        |    88 |   127 |     2 ||   217
       Repel Missiles    |     2 |       |       ||     2
       Mephitic Cloud    |       |     1 |       ||     1
  Use: Potion            |     2 |     3 |     1 ||     6
       Scroll            |     1 |     3 |       ||     4
 Stab: Sleeping          |       |     2 |       ||     2
       Confused          |       |     1 |       ||     1
  Eat: Chunk             |     3 |     7 |       ||    10
